Zazza, neutral female human Tourist # -------|- ------- |........# |.....| |.......|##########@B############# ##|.....| |.......| -------------########################|.>...-# ----|---- |...........|#####---------------####-.....|# # ##............| #..{...........|# -------# # # |...........| #|.............|# # # ### |...........| #|.............|# # # # |............#####|..............# # # ### ------------- ##..............| # ----|-- # # --------------- ######## |.<..*|`####`######################## #--.---- |.....| # #|...|.| |......###### #|.....| |....{| #|.....| |......################ #......| ------- ------- Zazza the Sightseer Experience level: 3 Strength: 11 Dexterity: 12 Constitution: 17 Intelligence: 12 Wisdom: 7 Charisma: 18 Health: 0(26) Energy: 9(9) Def: 0 Gold: 790 Moves: 2494 Dungeon seed: a93CnIAmiaUlEb7k Game ID: Zazza_1576000209 Your Inventory: Coins $ - 790 gold pieces Weapons a - 28 +2 darts (in quiver) r - 10 +0 arrows s - a cursed +0 orcish dagger (weapon in hand) y - a +0 battle-axe K - a blessed +2 elven dagger Armor e - an uncursed +0 Hawaiian shirt (being worn) Comestibles b - 3 uncursed food rations c - 2 uncursed eggs f - an uncursed lembas wafer Scrolls j - 2 uncursed scrolls of magic mapping o - an uncursed scroll of identify u - 2 uncursed scrolls of light G - an uncursed scroll of teleportation N - an uncursed scroll of enchant weapon Spellbooks z - an uncursed spellbook of sleep I - an uncursed spellbook of confuse monster Potions i - 2 uncursed potions of extra healing p - an uncursed potion of levitation D - an uncursed potion of sickness J - a cursed potion of gain level L - a potion of holy water Wands w - a wand of teleportation (0:6) x - a wand of fire (0:6) B - a wand of striking (0:8) H - a wand of digging (0:6) Tools k - an expensive camera (0:64) l - an uncursed credit card m - an uncursed tin whistle A - an uncursed wooden harp C - an uncursed lock pick Gems n - an uncursed worthless piece of orange glass q - an uncursed worthless piece of blue glass Spells and supernatural/magical abilities: Name Level Category Fail Memory z - sleep 1 enchantment 19% 94% W - pray for help -- divine ? -- Your skills at the end: Fighting Skills Weapon Skills dagger [Basic] dart [Basic] Spellcasting Skills Final Attributes: You were stridently aligned. You were lucky. You are dead. Vanquished creatures: a shrieker a floating eye a giant bat a hobbit 2 giant rats a brown mold a yellow mold a green mold 7 jackals 2 foxes 2 goblins a sewer rat 2 grid bugs 4 lichens 3 newts 30 creatures vanquished. Voluntary challenges: You were an atheist. You used a wielded weapon 28 times, starting on turn 1383. You read items or engraved 8 times, starting on turn 1066. You never genocided any monsters. You never polymorphed an object. You never changed form. You used no wishes. You never split a pudding. You wrote Elbereth's name 3 times, starting on turn 1069. You never violated your personal moral code. Dungeon overview: The Dungeons of Doom: levels 1 to 6 Level 1 a fountain a long staircase Level 2 Level 3 a general store, a fountain Level 4 a long staircase Level 5 a fountain Level 6 <- You were here some fountains History has recorded: On T:1 you entered the Dungeons of Doom to retrieve the Amulet of Yendor! On T:357 you reached level 2 of The Dungeons of Doom. On T:715 you advanced to experience level 2. On T:826 you reached level 3 of The Dungeons of Doom. On T:1285 you reached level 4 of The Dungeons of Doom. On T:1760 you reached level 5 of The Dungeons of Doom. On T:1992 you advanced to experience level 3. On T:2253 you reached level 6 of The Dungeons of Doom. Score breakdown: Gold: 752 ( 9785 points) Experience: 3 levels ( 7878 points) Exploration: 6 levels ( 13.04%) (10000 points) Discoveries: 4 items ( 1.34%) ( 3475 points) Valuables value: (no points given unless you survive) Artifact value: 0 ( 0 points) Variety of kills: 15 monsters ( 3.94%) ( 5952 points) Turncount: 2494 turns ( -327 points) Survival: died (score multiplied by 80%) Total score: 29410 Latest messages: You write in the dust with your fingers. The pony turns to flee! With great effort you move the boulder. You displace Armand. With great effort you move the boulder. You hear a door open. As you read the scroll, it disappears. A map coalesces in your mind! You displace Armand. Armand is hit by a rock! The door opens. (2x) N - a scroll labeled VELOX NEB. The door resists! The door opens. You displace Armand. The giant bat bites! (2x) You miss the giant bat. The giant bat bites! You hit the giant bat. The giant bat bites! (2x) You hit the giant bat. The giant bat bites! (2x) You die... Final status: Aloha Zazza the Tourist, killed by a giant bat... You died in The Dungeons of Doom on dungeon level 6 with 29410 points, and 790 pieces of gold, after 2494 moves. You were level 3 with a maximum of 26 hit points when you died.